General information
- name: BNet
- type: Ladder team game (AT/RT)
- host: Battle.net
- saver: HIGHPERCHFUTBOL
map: UpperKingdom
- players: 6
- length: 82:05
- speed: Fast
- version: 1.26 W3XP
- replay type: Public
» download(632 KB)
Players
team 1 (loser)
Fliegenklatsche (
green | 81 APM | 6671 actions | 82:04)
7 Death Knight
3 Death Coil
3 Unholy Aura
1 Animate Dead
7 Lich
3 Frost Nova
3 Frost Armor
1 Death and Decay
2 Pandaren Brewmaster
1 Breath of Fire
1 Drunken Haze
» actions
| Assign group hotkey | 59 | |
| Basic commands | 19 | |
| Build / train | 118 | |
| Enter build submenu | 32 | |
| Enter hero's abilities submenu | 16 | |
| Give item / drop item | 6 | |
| Remove unit from queue | 2 | |
| Right click | 2971 | |
| Select / deselect | 1445 | |
| Select group hotkey | 1719 | |
| Use ability | 278 | |
6671 total
» units
| Acolyte | 12 | |
| Ghoul | 4 | |
| Crypt Fiend | 13 | |
| Obsidian Statue | 2 | |
| Frost Wyrm | 15 | |
| Meatwagon | 1 | |
47 total
» upgrades
| Creature Attack | 3 | |
| Web | 1 | |
| Burrow | 1 | |
| Creature Carapace | 3 | |
| Destroyer Form | 0 | |
| Freezing Breath | 1 | |
| Disease Cloud | 1 | |
| Unholy Strength | 3 | |
13 total
» buildings
| Graveyard | 1 | |
| Crypt | 1 | |
| Altar of Darkness | 1 | |
| Ziggurat | 17 | |
| Tomb of Relics | 1 | |
| Nerubian Tower | 2 | |
| Halls of the Dead | 1 | |
| Black Citadel | 1 | |
| Slaughterhouse | 1 | |
| Sacrificial Pit | 2 | |
| Boneyard | 2 | |
| Spirit Tower | 11 | |
| Necropolis | 1 | |
42 total
» build order
00:23 Graveyard
00:26 Crypt
00:52 Altar of Darkness
01:00 Ziggurat
01:13 Tomb of Relics
02:02 Ziggurat
03:02 Nerubian Tower
04:42 Halls of the Dead
04:55 Ziggurat
08:26 Black Citadel
08:28 Slaughterhouse
08:32 Ziggurat
09:20 Sacrificial Pit
09:22 Sacrificial Pit
10:58 Boneyard
11:06 Ziggurat
11:13 Boneyard
11:25 Ziggurat
11:26 Ziggurat
11:30 Ziggurat
11:41 Ziggurat
12:40 Spirit Tower
12:41 Spirit Tower
14:16 Necropolis
15:51 Ziggurat
16:11 Ziggurat
16:46 Spirit Tower
16:57 Ziggurat
17:06 Spirit Tower
17:06 Spirit Tower
17:17 Ziggurat
18:01 Spirit Tower
18:12 Spirit Tower
21:31 Ziggurat
21:34 Ziggurat
23:20 Nerubian Tower
24:54 Spirit Tower
24:59 Spirit Tower
31:20 Ziggurat
31:22 Ziggurat
33:18 Spirit Tower
» items
| Rod of Necromancy | 2 | |
| Dust of Appearance | 4 | |
| Sacrificial Skull | 1 | |
| Orb of Corruption | 1 | |
| Scroll of Healing | 3 | |
| Scroll of Town Portal | 3 | |
| Potion of Healing | 3 | |
| Potion of Mana | 1 | |
18 total
kingkoolkabul (
pink | 112 APM | 9198 actions | 82:04)
9 Tauren Chieftain
3 Endurance Aura
3 War Stomp
1 Reincarnation
2 Shockwave
4 Shadow Hunter
2 Hex
2 Healing Wave
» actions
| Assign group hotkey | 169 | |
| Basic commands | 217 | |
| Build / train | 178 | |
| Enter build submenu | 33 | |
| Enter hero's abilities submenu | 14 | |
| Give item / drop item | 6 | |
| Remove unit from queue | 3 | |
| Right click | 3393 | |
| Select / deselect | 1107 | |
| Select group hotkey | 3636 | |
| Use ability | 442 | |
9198 total
» units
| Peon | 24 | |
| Troll Headhunter/Berserker | 35 | |
| Spirit Walker | 5 | |
| Kodo Beast | 2 | |
| Troll Batrider | 47 | |
113 total
» upgrades
| Ranged Weapons | 3 | |
| Berserker Upgrade | 1 | |
| Reinforced Defenses | 1 | |
| Armor | 3 | |
| Spirit Walker Training | 2 | |
| Liquid Fire | 1 | |
11 total
» buildings
| Altar of Storms | 1 | |
| Orc Burrow | 7 | |
| War Mill | 1 | |
| Barracks | 1 | |
| Voodoo Lounge | 5 | |
| Stronghold | 1 | |
| Watch Tower | 10 | |
| Spirit Lodge | 1 | |
| Fortress | 2 | |
| Great Hall | 1 | |
| Beastiary | 3 | |
33 total
» build order
00:06 Altar of Storms
00:14 Orc Burrow
00:52 War Mill
01:08 Barracks
01:29 Voodoo Lounge
01:32 Voodoo Lounge
02:06 Orc Burrow
03:33 Stronghold
04:16 Orc Burrow
05:40 Watch Tower
06:01 Spirit Lodge
06:41 Fortress
06:41 Fortress
08:11 Great Hall
08:38 Watch Tower
08:54 Orc Burrow
08:58 Watch Tower
10:43 Beastiary
11:30 Watch Tower
11:33 Voodoo Lounge
11:58 Watch Tower
11:59 Watch Tower
13:23 Orc Burrow
13:26 Orc Burrow
15:58 Beastiary
16:06 Beastiary
16:55 Watch Tower
17:00 Watch Tower
17:04 Watch Tower
17:06 Watch Tower
18:49 Orc Burrow
20:24 Voodoo Lounge
54:48 Voodoo Lounge
» items
| Healing Salve | 7 | |
| Lesser Clarity Potion | 6 | |
| Scroll of Speed | 7 | |
| Orb of Lightning | 1 | |
| Tiny Great Hall | 6 | |
| Potion of Mana | 1 | |
| Scroll of Town Portal | 1 | |
| Dust of Appearance | 1 | |
| Orb of Corruption | 1 | |
31 total
Wexenberger (
blue | 82 APM | 6699 actions | 82:04)
7 Archmage
3 Summon Water Elemental
3 Brilliance Aura
1 Mass Teleport
5 Mountain King
3 Storm Bolt
2 Bash
5 Pandaren Brewmaster
3 Breath of Fire
2 Drunken Haze
» actions
| Assign group hotkey | 100 | |
| Basic commands | 231 | |
| Build / train | 178 | |
| ESC pressed | 4 | |
| Enter build submenu | 54 | |
| Enter hero's abilities submenu | 17 | |
| Give item / drop item | 1 | |
| Remove unit from queue | 5 | |
| Right click | 2613 | |
| Select / deselect | 1252 | |
| Select group hotkey | 2025 | |
| Use ability | 218 | |
6699 total
» units
| Peasant | 28 | |
| Footman | 8 | |
| Spell Breaker | 12 | |
| Siege Engine | 7 | |
| Gryphon Rider | 25 | |
80 total
» upgrades
| Lumber Harvesting | 2 | |
| Masonry | 3 | |
| Magic Sentry | 1 | |
| Gunpowder | 3 | |
| Barrage | 1 | |
| Plating | 3 | |
| Swords | 3 | |
| Storm Hammers | 1 | |
| Armor | 3 | |
| Animal War Training | 1 | |
21 total
» buildings
| Altar of Kings | 3 | |
| Barracks | 1 | |
| Farm | 14 | |
| Scout Tower | 65 | |
| Arcane Tower | 7 | |
| Lumber Mill | 1 | |
| Keep | 5 | |
| Arcane Vault | 1 | |
| Guard Tower | 29 | |
| Arcane Sanctum | 2 | |
| Town Hall | 6 | |
| Castle | 1 | |
| Blacksmith | 1 | |
| Workshop | 3 | |
| Gryphon Aviary | 3 | |
142 total
» build order
00:09 Altar of Kings
00:12 Altar of Kings
00:15 Altar of Kings
00:19 Barracks
00:23 Farm
00:44 Farm
01:46 Farm
02:57 Farm
03:37 Scout Tower
04:04 Arcane Tower
04:06 Lumber Mill
04:23 Farm
04:37 Keep
04:37 Keep
04:37 Keep
04:38 Keep
04:54 Arcane Vault
05:15 Scout Tower
05:16 Scout Tower
05:17 Scout Tower
05:18 Scout Tower
05:46 Guard Tower
06:35 Guard Tower
06:39 Guard Tower
07:03 Arcane Sanctum
07:20 Arcane Sanctum
07:23 Guard Tower
07:36 Farm
07:45 Farm
07:48 Farm
10:50 Town Hall
11:01 Scout Tower
11:01 Scout Tower
11:02 Scout Tower
11:04 Scout Tower
11:05 Scout Tower
11:05 Scout Tower
11:09 Scout Tower
11:11 Scout Tower
11:12 Scout Tower
11:16 Scout Tower
11:17 Scout Tower
11:18 Scout Tower
11:33 Guard Tower
11:42 Guard Tower
11:44 Guard Tower
11:57 Guard Tower
12:08 Guard Tower
12:08 Guard Tower
12:09 Guard Tower
12:26 Guard Tower
12:35 Arcane Tower
12:37 Arcane Tower
12:54 Scout Tower
12:55 Scout Tower
12:57 Scout Tower
12:58 Scout Tower
13:20 Castle
13:33 Guard Tower
13:56 Guard Tower
14:48 Guard Tower
14:53 Guard Tower
15:38 Blacksmith
15:54 Farm
15:55 Farm
15:56 Farm
15:57 Farm
16:59 Workshop
17:02 Workshop
17:05 Workshop
17:38 Farm
17:39 Farm
18:37 Scout Tower
18:39 Scout Tower
18:40 Scout Tower
18:41 Scout Tower
19:09 Town Hall
19:12 Guard Tower
19:17 Scout Tower
19:18 Scout Tower
19:18 Scout Tower
19:20 Scout Tower
19:21 Scout Tower
19:22 Scout Tower
19:58 Guard Tower
20:13 Guard Tower
20:24 Arcane Tower
25:43 Scout Tower
25:44 Scout Tower
25:47 Scout Tower
26:48 Guard Tower
26:51 Arcane Tower
29:31 Town Hall
29:38 Scout Tower
29:39 Scout Tower
29:40 Scout Tower
29:41 Scout Tower
29:42 Scout Tower
29:43 Scout Tower
29:45 Scout Tower
29:45 Scout Tower
30:17 Guard Tower
37:04 Scout Tower
37:18 Scout Tower
37:20 Guard Tower
37:33 Scout Tower
37:36 Guard Tower
37:48 Guard Tower
37:52 Town Hall
37:57 Scout Tower
37:58 Scout Tower
37:59 Scout Tower
41:05 Guard Tower
45:44 Town Hall
47:43 Town Hall
48:36 Scout Tower
48:37 Scout Tower
48:38 Scout Tower
48:39 Scout Tower
48:40 Scout Tower
48:42 Scout Tower
48:43 Scout Tower
48:44 Scout Tower
49:09 Guard Tower
49:17 Scout Tower
49:18 Scout Tower
49:19 Scout Tower
49:21 Scout Tower
49:22 Scout Tower
49:23 Scout Tower
49:25 Scout Tower
49:26 Scout Tower
49:27 Scout Tower
49:45 Arcane Tower
49:50 Guard Tower
50:33 Gryphon Aviary
50:34 Gryphon Aviary
50:35 Gryphon Aviary
51:04 Guard Tower
51:06 Arcane Tower
51:10 Guard Tower
» items
| Scroll of Regeneration | 2 | |
| Scroll of Town Portal | 1 | |
| Staff of Sanctuary | 1 | |
4 total
team 2 (winner)
HIGHPERCHFUTBOL (
yellow | 93 APM | 7631 actions | 82:04)
7 Warden
3 Shadow Strike
3 Blink
1 Spirit of Vengeance
1 Mountain King
1 Bash
» actions
| Assign group hotkey | 15 | |
| Basic commands | 69 | |
| Build / train | 101 | |
| ESC pressed | 16 | |
| Enter build submenu | 42 | |
| Enter hero's abilities submenu | 8 | |
| Give item / drop item | 10 | |
| Remove unit from queue | 4 | |
| Right click | 5492 | |
| Select / deselect | 469 | |
| Select group hotkey | 999 | |
| Use ability | 406 | |
7631 total
» units
| Wisp | 28 | |
| Chimaera | 2 | |
| Druid of the Talon | 10 | |
| Hippogryph | 23 | |
63 total
» upgrades
| Well Spring | 1 | |
| Ultravision | 1 | |
| Strength of the Wild | 3 | |
| Corrosive Breath | 1 | |
| Reinforced Hides | 3 | |
| Nature's Blessing | 1 | |
| Druid of the Talon Training | 2 | |
| Abolish Magic | 1 | |
| Druid of the Claw Training | 2 | |
| Mark of the Talon | 1 | |
16 total
» buildings
| Altar of Elders | 1 | |
| Moon Well | 28 | |
| Tree of Ages | 1 | |
| Tree of Eternity | 4 | |
| Hunter's Hall | 1 | |
| Ancient of Wonders | 1 | |
| Ancient of Wind | 2 | |
| Chimaera Roost | 2 | |
| Tree of Life | 2 | |
| Ancient Protector | 2 | |
| Ancient of Lore | 1 | |
45 total
» build order
00:05 Altar of Elders
00:15 Moon Well
01:21 Moon Well
04:18 Moon Well
04:19 Moon Well
04:50 Moon Well
04:51 Moon Well
05:07 Tree of Ages
07:01 Moon Well
07:01 Moon Well
07:04 Moon Well
07:05 Moon Well
07:11 Moon Well
07:30 Tree of Eternity
07:30 Tree of Eternity
07:30 Tree of Eternity
08:19 Hunter's Hall
09:40 Ancient of Wonders
10:45 Moon Well
10:45 Moon Well
12:21 Ancient of Wind
13:37 Chimaera Roost
13:38 Chimaera Roost
15:54 Tree of Life
16:50 Moon Well
16:50 Moon Well
16:52 Moon Well
16:52 Moon Well
19:24 Moon Well
19:25 Moon Well
19:26 Moon Well
20:19 Ancient Protector
20:20 Ancient Protector
23:12 Moon Well
23:12 Moon Well
23:13 Moon Well
23:14 Moon Well
27:06 Ancient of Lore
31:25 Ancient of Wind
41:32 Tree of Life
43:53 Moon Well
43:56 Moon Well
44:26 Moon Well
44:27 Moon Well
» items
| Orb of Venom | 1 | |
| Potion of Healing | 1 | |
| Healing Salve | 1 | |
| Lesser Clarity Potion | 1 | |
4 total
iggyofman (
orange | 90 APM | 7393 actions | 82:04)
6 Mountain King
3 Storm Bolt
2 Bash
1 Avatar
7 Paladin
3 Holy Light
3 Divine Shield
1 Resurrection
5 Blood Mage
2 Banish
2 Siphon Mana
1 Flame Strike
» actions
| Assign group hotkey | 327 | |
| Basic commands | 56 | |
| Build / train | 235 | |
| Enter build submenu | 254 | |
| Enter hero's abilities submenu | 23 | |
| Give item / drop item | 2 | |
| Remove unit from queue | 28 | |
| Right click | 3233 | |
| Select / deselect | 956 | |
| Select group hotkey | 1713 | |
| Use ability | 566 | |
7393 total
» units
| Peasant | 27 | |
| Sorceress | 3 | |
| Priest | -2 | |
| Spell Breaker | 1 | |
| Dragonhawk Rider | -6 | |
| Mortar Team | 1 | |
24 total
» upgrades
| Masonry | 3 | |
| Lumber Harvesting | 2 | |
| Magic Sentry | 1 | |
| Sorceress Training | 2 | |
| Priest Training | 2 | |
| Control Magic | 1 | |
| Swords | 3 | |
| Armor | 3 | |
| Animal War Training | 1 | |
18 total
» buildings
| Altar of Kings | 3 | |
| Farm | 30 | |
| Scout Tower | 247 | |
| Lumber Mill | 2 | |
| Arcane Tower | 20 | |
| Guard Tower | 112 | |
| Arcane Vault | 8 | |
| Keep | 2 | |
| Castle | 1 | |
| Town Hall | 8 | |
| Arcane Sanctum | 2 | |
| Blacksmith | 2 | |
| Barracks | 1 | |
| Gryphon Aviary | 4 | |
| Workshop | 1 | |
443 total
» build order
00:07 Altar of Kings
00:12 Altar of Kings
00:21 Farm
01:05 Scout Tower
01:12 Farm
01:21 Scout Tower
01:29 Lumber Mill
01:36 Scout Tower
01:37 Scout Tower
01:41 Scout Tower
01:42 Arcane Tower
01:49 Scout Tower
01:59 Arcane Tower
02:05 Arcane Tower
02:05 Arcane Tower
02:12 Scout Tower
02:20 Arcane Tower
02:33 Scout Tower
02:34 Guard Tower
02:36 Guard Tower
03:34 Guard Tower
03:36 Scout Tower
03:38 Guard Tower
03:39 Scout Tower
03:45 Scout Tower
03:47 Scout Tower
03:53 Farm
04:05 Arcane Vault
04:07 Arcane Vault
04:10 Arcane Vault
04:14 Guard Tower
04:16 Scout Tower
04:19 Keep
04:20 Guard Tower
04:43 Scout Tower
04:46 Scout Tower
05:07 Scout Tower
05:07 Scout Tower
05:18 Scout Tower
05:19 Guard Tower
05:21 Guard Tower
05:23 Scout Tower
05:25 Scout Tower
05:26 Scout Tower
05:27 Guard Tower
05:49 Guard Tower
05:52 Scout Tower
05:53 Guard Tower
06:12 Guard Tower
06:14 Scout Tower
06:16 Guard Tower
06:21 Guard Tower
06:42 Guard Tower
06:55 Scout Tower
07:10 Scout Tower
07:12 Scout Tower
07:16 Scout Tower
07:19 Scout Tower
07:20 Scout Tower
07:23 Scout Tower
07:32 Guard Tower
07:34 Scout Tower
07:43 Scout Tower
07:47 Guard Tower
07:47 Guard Tower
07:49 Scout Tower
07:50 Scout Tower
07:52 Guard Tower
07:55 Scout Tower
08:13 Farm
08:26 Guard Tower
08:29 Scout Tower
08:39 Guard Tower
08:43 Guard Tower
08:45 Scout Tower
08:46 Scout Tower
08:51 Scout Tower
08:52 Scout Tower
09:33 Castle
09:37 Scout Tower
09:45 Guard Tower
09:46 Scout Tower
10:15 Guard Tower
10:28 Guard Tower
10:32 Scout Tower
10:34 Scout Tower
10:49 Town Hall
11:00 Guard Tower
11:07 Guard Tower
11:14 Scout Tower
11:14 Scout Tower
11:29 Guard Tower
11:31 Scout Tower
11:35 Scout Tower
12:02 Scout Tower
12:05 Scout Tower
12:05 Scout Tower
12:25 Arcane Sanctum
12:27 Arcane Sanctum
12:52 Scout Tower
12:54 Scout Tower
12:56 Arcane Vault
13:09 Scout Tower
13:09 Scout Tower
13:10 Scout Tower
13:11 Guard Tower
13:13 Guard Tower
13:15 Scout Tower
13:15 Scout Tower
13:30 Arcane Tower
13:31 Guard Tower
13:34 Scout Tower
13:35 Scout Tower
13:47 Scout Tower
13:52 Scout Tower
13:52 Scout Tower
14:08 Arcane Tower
14:54 Guard Tower
14:56 Scout Tower
14:57 Scout Tower
15:17 Guard Tower
15:19 Scout Tower
15:20 Scout Tower
15:22 Scout Tower
15:23 Scout Tower
15:28 Arcane Tower
15:29 Guard Tower
15:31 Arcane Vault
15:37 Scout Tower
15:38 Scout Tower
15:41 Arcane Tower
15:41 Guard Tower
15:49 Scout Tower
15:50 Scout Tower
15:51 Scout Tower
15:51 Scout Tower
16:16 Scout Tower
16:17 Scout Tower
16:19 Scout Tower
16:19 Scout Tower
16:20 Scout Tower
16:21 Scout Tower
16:23 Guard Tower
16:25 Town Hall
16:27 Scout Tower
16:30 Scout Tower
16:31 Scout Tower
16:32 Scout Tower
16:32 Scout Tower
16:33 Scout Tower
16:33 Scout Tower
16:35 Arcane Vault
16:36 Scout Tower
16:37 Scout Tower
16:43 Arcane Tower
17:04 Arcane Tower
17:47 Guard Tower
17:53 Scout Tower
17:54 Scout Tower
17:54 Scout Tower
17:58 Guard Tower
18:00 Scout Tower
18:00 Scout Tower
18:06 Scout Tower
18:08 Scout Tower
18:17 Scout Tower
18:17 Scout Tower
18:33 Guard Tower
18:54 Arcane Tower
19:01 Town Hall
19:02 Guard Tower
19:05 Scout Tower
19:05 Scout Tower
19:06 Scout Tower
19:06 Scout Tower
19:07 Scout Tower
19:08 Scout Tower
19:17 Guard Tower
19:20 Scout Tower
19:21 Scout Tower
19:41 Scout Tower
19:41 Scout Tower
19:45 Town Hall
19:47 Arcane Tower
19:48 Guard Tower
20:28 Guard Tower
20:30 Arcane Vault
20:32 Scout Tower
20:33 Scout Tower
20:58 Guard Tower
21:43 Guard Tower
21:44 Scout Tower
21:45 Scout Tower
22:01 Town Hall
22:03 Scout Tower
22:04 Scout Tower
22:05 Scout Tower
22:06 Scout Tower
22:06 Scout Tower
22:07 Scout Tower
22:08 Scout Tower
22:08 Scout Tower
22:56 Guard Tower
23:00 Guard Tower
23:05 Scout Tower
23:06 Scout Tower
23:08 Guard Tower
23:11 Scout Tower
23:15 Guard Tower
23:17 Guard Tower
23:37 Scout Tower
23:38 Scout Tower
23:39 Scout Tower
23:39 Scout Tower
24:01 Guard Tower
24:10 Guard Tower
25:13 Town Hall
25:21 Scout Tower
25:23 Scout Tower
25:24 Scout Tower
25:25 Scout Tower
25:31 Scout Tower
25:32 Scout Tower
25:33 Scout Tower
25:33 Scout Tower
25:37 Scout Tower
25:38 Scout Tower
25:40 Scout Tower
25:41 Guard Tower
25:43 Scout Tower
25:43 Scout Tower
25:46 Guard Tower
25:47 Scout Tower
26:20 Arcane Tower
26:28 Scout Tower
26:29 Scout Tower
26:30 Scout Tower
26:30 Scout Tower
26:31 Scout Tower
26:32 Scout Tower
26:32 Scout Tower
26:35 Guard Tower
26:43 Scout Tower
26:44 Scout Tower
26:44 Scout Tower
26:45 Scout Tower
26:45 Scout Tower
26:46 Scout Tower
26:48 Guard Tower
26:52 Guard Tower
27:00 Arcane Tower
27:05 Arcane Vault
27:06 Scout Tower
27:07 Scout Tower
27:10 Scout Tower
27:11 Scout Tower
27:14 Scout Tower
27:15 Scout Tower
29:19 Guard Tower
29:21 Scout Tower
29:22 Scout Tower
29:23 Scout Tower
29:25 Guard Tower
29:30 Scout Tower
29:31 Scout Tower
29:31 Scout Tower
29:39 Scout Tower
29:40 Scout Tower
29:50 Scout Tower
29:51 Scout Tower
29:52 Scout Tower
29:57 Blacksmith
30:02 Scout Tower
30:06 Guard Tower
30:08 Scout Tower
30:11 Scout Tower
30:12 Guard Tower
30:24 Guard Tower
30:35 Barracks
30:37 Gryphon Aviary
30:37 Gryphon Aviary
30:39 Farm
30:44 Guard Tower
30:48 Scout Tower
30:49 Scout Tower
30:57 Scout Tower
30:58 Scout Tower
31:00 Guard Tower
31:03 Scout Tower
31:07 Guard Tower
31:08 Guard Tower
31:11 Scout Tower
31:12 Scout Tower
31:33 Guard Tower
33:07 Workshop
33:14 Guard Tower
35:00 Farm
35:01 Farm
35:01 Farm
35:03 Farm
35:03 Farm
36:23 Guard Tower
37:11 Gryphon Aviary
37:15 Gryphon Aviary
37:51 Keep
38:14 Blacksmith
38:17 Farm
38:17 Farm
38:18 Farm
38:18 Farm
38:19 Farm
38:20 Farm
38:48 Farm
38:49 Farm
38:50 Farm
39:56 Farm
39:56 Farm
40:59 Scout Tower
41:42 Scout Tower
41:46 Scout Tower
41:47 Scout Tower
43:29 Arcane Tower
43:38 Scout Tower
44:02 Lumber Mill
44:27 Farm
44:29 Farm
44:31 Farm
44:40 Scout Tower
44:42 Scout Tower
44:43 Scout Tower
44:45 Scout Tower
45:05 Guard Tower
45:11 Farm
45:37 Guard Tower
45:43 Scout Tower
46:02 Guard Tower
46:18 Guard Tower
46:20 Scout Tower
46:30 Guard Tower
46:34 Scout Tower
47:05 Guard Tower
47:17 Scout Tower
47:27 Scout Tower
47:29 Scout Tower
47:49 Guard Tower
48:10 Scout Tower
48:11 Scout Tower
48:47 Guard Tower
49:02 Scout Tower
49:08 Guard Tower
49:28 Guard Tower
49:28 Guard Tower
49:56 Scout Tower
49:58 Scout Tower
50:23 Guard Tower
50:52 Guard Tower
51:00 Scout Tower
51:47 Guard Tower
51:57 Scout Tower
53:41 Guard Tower
53:45 Scout Tower
53:46 Scout Tower
54:25 Guard Tower
54:42 Scout Tower
54:43 Scout Tower
54:47 Guard Tower
55:05 Scout Tower
55:13 Arcane Tower
55:33 Arcane Tower
55:38 Guard Tower
59:03 Scout Tower
59:04 Scout Tower
59:28 Scout Tower
59:30 Scout Tower
59:32 Scout Tower
59:34 Scout Tower
59:42 Guard Tower
60:03 Guard Tower
60:32 Guard Tower
60:53 Guard Tower
61:00 Scout Tower
61:19 Guard Tower
61:46 Guard Tower
61:48 Scout Tower
61:49 Scout Tower
62:01 Scout Tower
62:14 Guard Tower
62:46 Guard Tower
63:07 Scout Tower
63:15 Scout Tower
64:10 Guard Tower
65:50 Scout Tower
65:57 Scout Tower
65:59 Scout Tower
66:01 Scout Tower
66:02 Scout Tower
66:36 Guard Tower
66:53 Guard Tower
66:57 Scout Tower
66:58 Scout Tower
67:00 Scout Tower
67:01 Scout Tower
67:19 Guard Tower
67:22 Scout Tower
67:30 Guard Tower
67:45 Guard Tower
68:12 Guard Tower
68:24 Guard Tower
68:31 Scout Tower
68:37 Scout Tower
68:51 Scout Tower
68:54 Guard Tower
69:20 Guard Tower
69:58 Town Hall
70:14 Guard Tower
70:27 Guard Tower
71:25 Scout Tower
71:55 Arcane Tower
72:11 Scout Tower
73:04 Guard Tower
73:12 Town Hall
73:27 Scout Tower
73:30 Scout Tower
75:08 Scout Tower
75:09 Scout Tower
75:11 Scout Tower
75:14 Scout Tower
75:17 Scout Tower
75:35 Guard Tower
76:02 Guard Tower
76:28 Guard Tower
76:32 Farm
76:51 Farm
76:52 Farm
76:53 Farm
76:54 Farm
79:13 Altar of Kings
80:11 Scout Tower
80:21 Scout Tower
81:52 Scout Tower
81:55 Scout Tower
» items
| Staff of Sanctuary | 3 | |
| Orb of Lightning | 2 | |
| Potion of Healing | 2 | |
| Healing Salve | 1 | |
| Scroll of Town Portal | 1 | |
9 total
PizzaFan1739 (
teal | 76 APM | 6250 actions | 82:04)
6 Blademaster
3 Wind Walk
2 Critical Strike
1 Bladestorm
» actions
| Assign group hotkey | 22 | |
| Basic commands | 42 | |
| Build / train | 88 | |
| Enter build submenu | 74 | |
| Enter hero's abilities submenu | 7 | |
| Give item / drop item | 1 | |
| Right click | 4324 | |
| Select / deselect | 530 | |
| Select group hotkey | 906 | |
| Use ability | 254 | |
6250 total
» units
» upgrades
| Ranged Weapons | 3 | |
| Liquid Fire | 1 | |
| Reinforced Defenses | 1 | |
| Armor | 3 | |
| Troll Regeneration | 1 | |
| Ensnare | 1 | |
| Envenomed Spears | 1 | |
| Spiked Barricades | 1 | |
| Shaman Training | 1 | |
| Witch Doctor Training | 1 | |
| Spirit Walker Training | 1 | |
15 total
» buildings
| Altar of Storms | 2 | |
| Orc Burrow | 8 | |
| War Mill | 1 | |
| Voodoo Lounge | 4 | |
| Watch Tower | 46 | |
| Stronghold | 5 | |
| Beastiary | 2 | |
| Fortress | 1 | |
| Barracks | 1 | |
| Great Hall | 4 | |
| Spirit Lodge | 1 | |
75 total
» build order
00:14 Altar of Storms
00:20 Orc Burrow
00:36 War Mill
01:32 Voodoo Lounge
01:53 Watch Tower
02:20 Watch Tower
02:49 Watch Tower
03:16 Watch Tower
03:58 Stronghold
03:59 Stronghold
03:59 Stronghold
03:59 Stronghold
04:09 Watch Tower
04:10 Watch Tower
04:16 Orc Burrow
04:18 Orc Burrow
04:19 Orc Burrow
04:27 Watch Tower
05:18 Watch Tower
05:19 Watch Tower
05:20 Watch Tower
05:39 Watch Tower
06:27 Beastiary
06:48 Watch Tower
06:48 Watch Tower
07:14 Beastiary
07:53 Watch Tower
07:53 Watch Tower
09:46 Fortress
10:09 Orc Burrow
10:29 Watch Tower
12:20 Watch Tower
12:21 Watch Tower
12:55 Watch Tower
12:56 Watch Tower
12:57 Watch Tower
12:58 Watch Tower
15:25 Watch Tower
15:26 Watch Tower
15:36 Barracks
16:32 Great Hall
16:36 Great Hall
17:19 Watch Tower
17:20 Watch Tower
18:59 Great Hall
19:04 Watch Tower
19:05 Watch Tower
20:17 Watch Tower
20:18 Watch Tower
21:26 Voodoo Lounge
21:30 Voodoo Lounge
23:36 Voodoo Lounge
25:17 Watch Tower
25:21 Watch Tower
25:31 Spirit Lodge
27:10 Watch Tower
27:11 Watch Tower
27:14 Watch Tower
27:14 Watch Tower
28:42 Watch Tower
28:42 Watch Tower
28:43 Watch Tower
28:43 Watch Tower
28:44 Watch Tower
28:45 Watch Tower
28:45 Watch Tower
28:45 Watch Tower
28:46 Watch Tower
28:47 Watch Tower
31:26 Orc Burrow
50:31 Orc Burrow
51:30 Altar of Storms
51:37 Orc Burrow
66:43 Great Hall
» items
| Healing Salve | 4 | |
| Lesser Clarity Potion | 9 | |
| Orb of Lightning | 1 | |
| Tiny Great Hall | 1 | |
| Mechanical Critter | 2 | |
17 total
Chat log
(00:01 / All) iggyofman: shit
(00:05 / All) HIGHPERCHFUTBOL: PLS
(00:07 / All) HIGHPERCHFUTBOL: they both go
(00:08 / All) HIGHPERCHFUTBOL: its just me
(00:09 / All) HIGHPERCHFUTBOL: hold
(00:17 / All) Fliegenklatsche: jetzt seid nicht so anstrengend
(00:18 / All) HIGHPERCHFUTBOL: do u hate pizza
(00:52 / All) HIGHPERCHFUTBOL: ok we are back and munch a pizza >:)
(00:58 / All) PizzaFan1739: from?
(01:05 / All) HIGHPERCHFUTBOL: ger
(01:06 / All) Fliegenklatsche: rus
(02:46 / All) Fliegenklatsche: habt auch gesoffen oder?
(18:28 / All) iggyofman: pink
(18:30 / All) iggyofman: you're bad?=
(18:41 / All) Fliegenklatsche: der fistet dich
(18:44 / All) Fliegenklatsche: ganz dolle böse
(36:56 / All) kingkoolkabul: hack
(36:58 / All) kingkoolkabul: or what
(36:59 / All) kingkoolkabul: guys
(37:20 / All) kingkoolkabul: bad tactic
(38:28 / All) Fliegenklatsche: lich lvl 6 soon
(38:34 / All) iggyofman: damn
(48:09 / All) kingkoolkabul: andy
(56:15 / All) kingkoolkabul: haha
(81:38 / All) kingkoolkabul: gg
(81:41 / All) kingkoolkabul: hahahha pizza guys
(81:47 / All) kingkoolkabul: hope u finished ur pizza